 Dungeon Crawl Stone Soup version 0.32-a0-433-g08bcfe7efd (webtiles) character file.

Game seed: 16171755041268546818

3302 ezpacito the Trooper (level 9, -17/61 HPs)
             Began as a Demonspawn Chaos Knight on Feb 22, 2024.
             Was a Plaything of Xom.
             Demolished by a hornet (19 damage)
             ... while paralysed by a hornet
             ... on level 9 of the Dungeon.
             The game lasted 00:13:12 (8572 turns).

ezpacito the Trooper (Demonspawn Chaos Knight)      Turns: 8572, Time: 00:13:13

Health: -17/61     AC: 11    Str: 15    XL:     9   Next: 70%
Magic:  0/14       EV:  2    Int: 17    God:    Xom [..*...]
Gold:   107        SH:  0    Dex: 12    Spells: 2/15 levels left

rFire   + + +        a - +0 hand axe (chaos)
rCold   + . .        (no shield)
rNeg    . . .        r - +0 troll leather armour
rPois   .            (no helmet)
rElec   .            (no cloak)
rCorr   .            (no gloves)
SInv    .            t - +3 pair of mountain boots {steadfast, rC+}
Will    +....        (no amulet)
Stlth   +            d - ring of willpower
HPRegen 1.10/turn    y - ring of Ilap {rF+++ AC+4 Int+4 Stlth-}
MPRegen 0.28/turn

%: random rage (3%), guardian spirit
@: paralysed, lethally poisoned (-17 -> -23), slowed
A: repulsion field 1, magic shield, magic regeneration, weakness stinger 2,
berserk 1, clumsy 1, frail 1
a: Renounce Religion


You were on level 9 of the Dungeon.
You worshipped Xom.
You were a toy of Xom.
You visited 2 branches of the dungeon, and saw 10 of its levels.

You collected 475 gold pieces.
You spent 368 gold pieces at shops.

Inventory:

Hand Weapons
 a - a +0 hand axe of chaos (weapon)
Missiles
 g - 19 poisoned darts (quivered)
 l - 8 boomerangs
 A - a curare-tipped dart
Armour
 b - a +2 leather armour
 e - a +0 chain mail
 j - a +0 pair of boots
 r - a +0 troll leather armour (worn)
 s - an orb of mayhem
 t - the +3 pair of mountain boots (worn) {steadfast, rC+}
   (You acquired it on level 8 of the Dungeon)

   Steadfast: It prevents involuntary movement, except for blinking,
   teleportation, or banishment.
   rC+:       It protects you from cold.
Jewellery
 d - a ring of willpower (left hand)
 u - a ring of see invisible
 y - the ring of Ilap (right hand) {rF+++ AC+4 Int+4 Stlth-}
   (You found it on level 7 of the Dungeon)

   [ring of protection]

   AC+4:      It affects your AC (+4).
   Int+4:     It affects your intelligence (+4).
   rF+++:     It renders you almost immune to fire.
   Stlth-:    It makes you less stealthy.
 E - a ring of magical power
Talismans
 v - a blade talisman
Wands
 k - a wand of iceblast (5)
 n - a wand of flame (12)
 w - a wand of paralysis (7)
 z - a wand of digging (4)
Scrolls
 c - a scroll of butterflies
 f - 2 scrolls of enchant weapon
 h - 6 scrolls of teleportation
 i - a scroll of torment
 m - 3 scrolls of poison
 o - a scroll of fear
 p - 2 scrolls of enchant armour
 x - a scroll of silence
 D - a scroll of revelation {unknown}
Potions
 q - a potion of brilliance


   Skills:
 * Level 5.4 Fighting
 * Level 5.0(5.7) Axes
 + Level 2.7(4.3) Maces & Flails
 + Level 2.6(4.2) Polearms
 * Level 4.4 Armour
 * Level 4.0 Dodging
 + Level 2.8 Stealth
 * Level 3.8 Unarmed Combat
 * Level 3.9 Spellcasting
 + Level 2.2 Hexes
 + Level 2.2 Summonings
 * Level 4.0 Evocations


You had 2 spell levels left.
You knew the following spells:

 Your Spells              Type           Power      Damage    Failure   Level
a - Call Canine Familiar  Summ           10%        N/A       24%         3
b - Passwall              Erth           3%         N/A       52%         3
c - Sigil of Binding      Hex            11%        N/A       22%         3
d - Dimensional Bullseye  Hex/Tloc       3%         N/A       77%         4

Your spell library contained the following spells:

 Spells                   Type           Power      Damage    Failure   Level
 Sandblast                Erth           6%         2d5       21%         1
 Blink                    Tloc           6%         N/A       30%         2
 Lesser Beckoning         Tloc           6%         N/A       30%         2
 Momentum Strike          Conj/Tloc      6%         3d8       30%         2
 Stone Arrow              Conj/Erth      6%         3d7       52%         3
 Brom's Barrelling Bould  Conj/Erth      3%         2d3       89%         4


Dungeon Overview and Level Annotations

Branches:
Dungeon (9/15)             Temple (1/1) D:4
   Lair: D:8-11         Orc: D:9-12

Altars:
Ashenzari
Cheibriados
Dithmenos
Fedhas
Gozag
Hepliaklqana
Kikubaaqudgha
Makhleb
Nemelex Xobeh
Okawaru
Qazlal
Ru
Trog
Uskayaw
Vehumet
Wu Jian
Xom
Yredelemnul

Shops:
D:1 ((((   D:6 [


Innate Abilities, Weirdness & Mutations

You are surrounded by a mild repulsion field. (EV +2)
When hurt, damage is shared between your health and your magic reserves.
You regenerate magic rapidly.
You have a tail ending in a sharp stinger.
You sometimes lose your temper in combat.
You are clumsy. (Dex -2)
You are frail. (-10% HP)


Message History

The hornet stings you but does no damage.
You closely miss the hornet.
Your tail-slap misses the hornet.
You feel yourself speed up.
You feel very sick. The hornet stings you!
You are more poisoned.
You feel yourself slow down. The hornet misses you.
The hornet closely misses you.
You miss the hornet.
You feel yourself speed up.
You feel very sick. The hornet barely misses you.
The hornet closely misses you. The hornet stings you.
You feel yourself slow down. The hornet barely misses you.
You hit the hornet but do no damage.
You feel very sick. The hornet closely misses you. The hornet misses you.
The hornet stings you!
You feel as though you will be slow longer.
Okay, then.
Okay, then.
Aiming: Throw Flame
Press: ? - help, Shift-Dir - straight line, f - hornet
Aim: a hornet (fast, strong, frenzied and wild, 57% to hit)
The puff of flame hits the hornet.
The hornet is lightly wounded.
You feel sick. The hornet misses you.
The hornet stings you but does no damage.
The hornet barely misses you.
Aiming: Throw Flame
Press: ? - help, Shift-Dir - straight line, f/p - hornet
Aim: a hornet (lightly wounded, fast, strong, frenzied and wild, 57% to hit)
The puff of flame misses the hornet.
You feel sick. The hornet stings you!
* * * LOW HITPOINT WARNING * * *
You feel as though you will be slow longer.
The hornet stings you!!
* * * LOW HITPOINT WARNING * * *
You are lethally poisoned!
You suddenly lose the ability to move!
The hornet stings you!!
You die...
Xom is highly amused!

......... #........
#........ #........
##........ #.. .........
#.# #y.......# #.# #.#
#@.......# #.# #.#
#<######.# #.# #.# #.#
#.# #.# #.# #.# #.# #.#
#.#####.# #.# #.#
#.......# #.#
#.########.#####.######.#
#..........# #........#
#.########.# #.######.#


You could see a neutral hornet (fast, strong, frenzied).

Vanquished Creatures
  Jeremiah (D:8)
  A troll (D:9)
  Menkaure (D:5)
  2 water moccasins
  An ice beast (D:7)
  An orc warrior (D:8)
  An ogre (D:5)
  2 black bears
  2 sky beasts
  2 centaurs (D:9)
  A phantom (D:7)
  3 kobold brigands
  2 bullfrogs
  A gnoll sergeant (D:8)
  3 scorpions
  Dowan (D:5)
  A killer bee (D:5)
  5 electric eels
  A bombardier beetle (D:4)
  4 orc priests
  3 hounds
  An iguana (D:6)
  Natasha (thrice) (D:2)
  2 orc wizards
  A sleepcap (D:7)
  6 adders
  11 gnolls
  4 shadow imps
  A white imp (D:7)
  3 dart slugs
  A ribbon worm (D:2)
  14 orcs
  3 endoplasms
  2 giant cockroaches (D:2)
  5 goblins
  A hobgoblin (D:3)
  10 jackals
  5 quokkas
  4 ball pythons
  8 bats
  3 frilled lizards
  24 kobolds
  3 rats
154 creatures vanquished.

Vanquished Creatures (collateral kills)
  2 frilled lizards (D:2)
  2 kobolds (D:7)
  A rat (D:2)
5 creatures vanquished.

Vanquished Creatures (others)
  Duvessa (D:5)
1 creature vanquished.

Grand Total: 160 creatures vanquished

Notes
Turn   | Place    | Note
-------+----------+-------------------------------------------
     0 | D:1      | ezpacito the Demonspawn Chaos Knight began the quest for
                  | the Orb.
     0 | D:1      | Reached XP level 1. HP: 18/18 MP: 1/1
    34 | D:1      | Found Noemn's Antique Weapon Shoppe.
   107 | D:1      | Found Jirchas's Weapon Emporium.
   223 | D:1      | Reached skill level 1 in Dodging
   226 | D:1      | Gained mutation: You are surrounded by a mild repulsion
                  | field. (EV +2) [demonic ancestry]
   226 | D:1      | Reached XP level 2. HP: 15/24 MP: 2/2
   353 | D:1      | Found Soler's Weapon Emporium.
   385 | D:1      | Found Wyipou Feqe's Magic Scroll Shop.
   389 | D:1      | Bought a scroll of identify for 22 gold pieces
   565 | D:1      | XOM: divination: detect creatures
   590 | D:1      | Found Soixuruwn's Antique Weapon Shoppe.
   894 | D:2      | Noticed Natasha
   899 | D:2      | Killed Natasha
   900 | D:2      | Reached skill level 1 in Spellcasting
   900 | D:2      | Gained mutation: You regenerate magic rapidly. [demonic
                  | ancestry]
   900 | D:2      | Reached XP level 3. HP: 22/29 MP: 4/4
   974 | D:2      | Found a faded altar of an unknown god.
  1047 | D:2      | XOM: summons friendly quasit
  1047 | D:2      | Noticed Natasha
  1055 | D:2      | HP: 1/29 [quokka (3)]
  1058 | D:2      | Killed Natasha
  1059 | D:2      | Reached skill level 1 in Unarmed Combat
  1059 | D:2      | Gained mutation: You have a small tail. [demonic ancestry]
  1059 | D:2      | Reached XP level 4. HP: 35/35 MP: 4/6
  1317 | D:2      | Noticed Natasha
  1330 | D:2      | Killed Natasha
  1500 | D:2      | XOM: divination: detect items
  1783 | D:3      | Gained mutation: When hurt, damage is shared between your
                  | health and your magic reserves. [demonic ancestry]
  1783 | D:3      | Reached XP level 5. HP: 41/41 MP: 7/7
  1845 | D:3      | XOM: god gift: 24 gold pieces
  2413 | D:4      | XOM: divination: detect creatures
  2467 | D:4      | XOM: blink monster(s)
  2589 | D:4      | Noticed a black bear
  2595 | D:4      | Killed a black bear
  2596 | D:4      | Reached skill level 1 in Evocations
  2596 | D:4      | Reached XP level 6. HP: 46/48 MP: 8/8
  2657 | D:4      | XOM: swap monsters
  2711 | D:3      | XOM: confusion
  2720 | D:3      | Reached skill level 1 in Stealth
  2850 | D:4      | XOM: cloud trail
  2888 | D:4      | Reached skill level 1 in Polearms
  2894 | D:4      | Reached skill level 1 in Maces & Flails
  2915 | D:4      | XOM: scenery: 1 doors open
  2955 | D:4      | XOM: polymorph gnoll sergeant -> dart slug
  2960 | D:4      | Reached XP level 7. HP: 27/53 MP: 5/10
  2962 | D:4      | XOM: silly message
  3086 | D:4      | XOM: noise
  3111 | D:4      | Found a staircase to the Ecumenical Temple.
  3525 | D:4      | XOM: noise
  3675 | Temple   | Entered the Ecumenical Temple
  3736 | D:5      | Entered Level 5 of the Dungeon
  4200 | D:5      | Noticed Duvessa
  4201 | D:5      | Noticed Dowan
  4207 | D:5      | XOM: cast spell 'Fugue of the Fallen'
  4218 | D:5      | Killed Duvessa
  4221 | D:5      | Killed Dowan
  4268 | D:5      | XOM: divination: detect creatures
  4383 | D:5      | XOM: noise
  4420 | D:5      | Learned a level 3 spell: Call Canine Familiar
  4424 | D:5      | Learned a level 3 spell: Passwall
  4428 | D:5      | Learned a level 3 spell: Sigil of Binding
  4701 | D:5      | Noticed Menkaure
  4709 | D:5      | Killed Menkaure
  4710 | D:5      | Gained mutation: You have a tail ending in a sharp stinger.
                  | [demonic ancestry]
  4710 | D:5      | Reached XP level 8. HP: 61/61 MP: 12/12
  4937 | D:6      | Found Cerit's Antique Armour Shoppe.
  5035 | D:6      | XOM: divination: detect creatures
  5554 | D:7      | Identified the ring of Ilap {rF+++ AC+4 Int+4 Stlth-}
  5604 | D:7      | XOM: silly message
  5612 | D:7      | XOM: cast spell 'Cause Fear'
  5627 | D:7      | Reached skill level 1 in Hexes
  5627 | D:7      | Reached skill level 1 in Summonings
  5630 | D:7      | XOM: silly message
  5849 | D:7      | Found a transporter.
  5891 | D:7      | Found a transporter.
  5923 | D:7      | XOM: 2-stop teleportation journey
  6081 | D:7      | XOM: silly message
  6197 | D:7      | XOM: silly message
  6586 | D:7      | Reached XP level 9. HP: 19/67 MP: 4/14
  6595 | D:7      | XOM: enchant monster (bad)
  6602 | D:7      | Reached skill level 5 in Fighting
  6905 | D:8      | Learned a level 4 spell: Dimensional Bullseye
  6975 | D:6      | XOM: give mutations
  6975 | D:6      | Gained mutation: You are clumsy. (Dex -2) [Xom's mischief]
  6975 | D:6      | Gained mutation: You are frail. (-10% HP) [Xom's mischief]
  6975 | D:6      | Gained mutation: You sometimes lose your temper in combat.
                  | [Xom's mischief]
  7067 | D:1      | Bought 3 scrolls of identify for 66 gold pieces
  7067 | D:1      | Bought a scroll of enchant armour for 82 gold pieces
  7067 | D:1      | Bought a scroll of poison for 44 gold pieces
  7067 | D:1      | Bought a scroll of teleportation for 33 gold pieces
  7067 | D:1      | Bought a scroll of poison for 44 gold pieces
  7067 | D:1      | Bought a scroll of teleportation for 33 gold pieces
  7067 | D:1      | Bought a scroll of fear for 44 gold pieces
  7069 | D:1      | Identified a scroll of acquirement
  7535 | D:8      | XOM: noise
  7544 | D:8      | Noticed Jeremiah
  7564 | D:8      | XOM: cast spell 'Olgreb's Toxic Radiance'
  7565 | D:8      | Killed Jeremiah
  7777 | D:8      | Found a blossoming altar of Fedhas.
  7785 | D:8      | Found a radiant altar of Vehumet.
  7785 | D:8      | Found a broken altar of Ashenzari.
  7789 | D:8      | Found a snail-covered altar of Cheibriados.
  7857 | D:8      | XOM: cloud trail
  8004 | D:8      | Acquired the +3 pair of mountain boots {steadfast, rC+}
  8004 | D:8      | Found the +3 pair of mountain boots {steadfast, rC+}
  8055 | D:9      | Reached skill level 5 in Axes
  8215 | D:9      | Noticed a troll
  8216 | D:9      | XOM: blink monster(s)
  8271 | D:9      | XOM: potion effect (attraction)
  8272 | D:9      | Killed a troll
  8280 | D:9      | XOM: silly message
  8565 | D:9      | XOM: noise
  8572 | D:9      | HP: 2/61 [hornet (14)]
  8572 | D:9      | Paralysed by a hornet for 3 turns
  8572 | D:9      | Demolished by a hornet

Illustrated notes

Levels and vault maps discovered:
D:1:      amcnicky_arrival_single_pillar, layout_basic, serial_shops, shop,
          nicolae_shop_crystal, nicolae_shop_bloodbath_and_beyond,
          nicolae_shop_tiny_real_fake_doors, nicolae_shop_dealshenge
D:2:      layout_basic, ebering_ecumenical_altar_box, fountainhead, uniq_natasha
D:3:      layout_loops_ring, kennysheep_cross_bottleneck,
          amcnicky_mini_pool_small
D:4:      layout_gridville, minmay_temple_entry_fiery
D:5:      layout_basic, lemuel_flamethrower_2, uniq_menkaure, uniq_duvessa
D:6:      layout_basic, kennysheep_mini_moat, serial_shops, shop
D:7:      gammafunk_steamed_eel, layout_cave_pods, chequers_jeans
D:8:      layout_basic, minitemple, water_boxes_lemuel, uniq_jeremiah
D:9:      layout_small_grid, orc_0_dummy, serial_shops, shop,
          kennysheep_cluttered_room
Temple:   regret_index_temple_waves

Skill      XL: |  1  2  3  4  5  6  7  8  9 |
---------------+----------------------------+-----
Dodging        | 1 2 3 4 |  4.0
Armour         | 2 3 4 |  4.4
Spellcasting   | 1 2 3 |  3.9
Axes           | 3 4 5 |  5.0
Unarmed Combat | 1 2 3 |  3.8
Evocations     | 1 2 3 4 |  4.0
Stealth        | 1 2 |  2.8
Polearms       | 1 2 |  2.6
Maces & Flails | 1 2 |  2.7
Fighting       | 4 5 |  5.4
Hexes          | 1 2 |  2.2
Summonings     | 1 2 |  2.2

Action                     |  1- 3 |  4- 6 |  7- 9 || total
---------------------------+-------+-------+-------++-------
  Melee: Hand axe          |    55 |   203 |   340 ||   598
         Tailslap          |       |    21 |    54 ||    75
  Evoke: Wand              |       |       |     8 ||     8
    Use: Scroll            |     1 |       |    14 ||    15
         Potion            |     1 |     2 |    14 ||    17
   Stab: Paralysed         |     1 |       |       ||     1
         Sleeping          |     1 |       |     2 ||     3
         Confused          |       |       |     3 ||     3
         Petrified         |       |       |     1 ||     1
 Armour: Leather armour    |    39 |   214 |   144 ||   397
         Chain mail        |       |       |   154 ||   154
         Troll leather arm |       |       |    20 ||    20
  Dodge: Dodged            |    43 |   233 |   274 ||   550

Table legend: (Time is in decaauts)
 A = Elapsed time spent in this place.
 B = Non-inter-level travel time spent in this place.
 C = Inter-level travel time spent in this place.
 D = Time resting spent in this place.
 E = Time spent auto-exploring this place.
 F = Levels seen in this place.
 G = Mean time per level.
                   A        B        C        D        E       F      G
               +--------+--------+--------+--------+--------+-----+--------+
         Total |   8636 |   7896 |    740 |    393 |   6024 |  10 |  863.6 |
       Dungeon |   8634 |   7895 |    739 |    393 |   6024 |   9 |  959.3 |
        Temple |      1 |      0 |      1 |      0 |      0 |   1 |    1.0 |
               +--------+--------+--------+--------+--------+-----+--------+

Top non-repeatable levels by time:
     D:7: 1247 daAuts
     D:4: 1168 daAuts
     D:5: 1097 daAuts
     D:3: 1017 daAuts
     D:8: 1010 daAuts
     D:1: 948 daAuts
     D:6: 840 daAuts
     D:2: 764 daAuts
     D:9: 540 daAuts
  Temple: 1 daAuts
